 Dungeon Crawl Stone Soup version 0.23.0-3-gf3c87f2 (webtiles) character file.

Game seed: 2121938146361409131

3219 CrypticCrinoid the Blocker (level 9, -1/80 (82) HPs)
             Began as a Minotaur Berserker on Feb 22, 2019.
             Was a Priest of Trog.
             Slain by Prince Ribbit (8 damage)
             ... on level 5 of the Dungeon.
             The game lasted 01:16:07 (6219 turns).

CrypticCrinoid the Blocker (Minotaur Berserker)     Turns: 6219, Time: 01:16:08

HP:   -1/80 (82)    AC: 11    Str: 25    XL:     9   Next: 65%
MP:   8/8           EV:  6    Int:  4    God:    Trog [***...]
Gold: 321           SH: 15    Dex: 10    Spells: 8/8 levels left

rFire    . . .     SeeInvis .   a - +0 mace
rCold    . . .     Gourm    .   f - -2 large shield (curse)
rNeg     . . .     Faith    .   l - +0 chain mail
rPois    .         Spirit   .   (helmet restricted)
rElec    .         Reflect  .   (no cloak)
rCorr    .         Harm     .   v - +0 pair of gloves
MR       .....                  M - +0 pair of boots
Stlth    ..........             (no amulet)
HPRegen  0.23/turn              (no ring)
MPRegen  0.11/turn              (no ring)

@: berserk cooldown
A: retaliatory headbutt, horns 2
a: Berserk, Trog's Hand, Renounce Religion


You were on level 5 of the Dungeon.
You worshipped Trog.
Trog was most pleased with you.
You were not hungry.

You visited 2 branches of the dungeon, and saw 8 of its levels.

You collected 321 gold pieces.

Inventory:

Hand Weapons
 a - a +0 mace (weapon)
 b - a +0 flail
 j - a +2 dagger of speed
 r - a +5 long sword
 w - a +0 shortbow
 y - a +0 great sword
 z - a +0 battleaxe
 B - a +0 hand axe of distortion
 F - a +0 quarterstaff
 K - a +0 giant spiked club
Missiles
 d - 198 stones (quivered)
 g - 121 arrows
 h - 39 bolts
 x - 11 poisoned needles
Armour
 f - a cursed -2 large shield (worn)
 l - a +0 chain mail (worn)
 v - a +0 pair of gloves (worn)
 C - a +0 scale mail
 M - a +0 pair of boots (worn)
Jewellery
 m - a cursed ring of attention {unknown}
 n - an uncursed ring of see invisible {unknown}
 D - a +4 ring of protection {unknown}
 H - an uncursed amulet of guardian spirit {unknown}
Wands
 E - a wand of iceblast (9)
 I - a wand of random effects (14)
Scrolls
 i - a scroll of enchant armour {unknown}
 k - 2 scrolls of remove curse {unknown}
 o - 3 scrolls of identify {unknown}
 s - 3 scrolls of teleportation {unknown}
 u - 4 scrolls of fear {unknown}
 A - a scroll of noise {unknown}
 N - 2 scrolls of random uselessness {unknown}
 O - a scroll of acquirement {unknown}
Potions
 e - a potion of lignification {unknown}
 t - a potion of degeneration {unknown}
 G - a potion of agility {unknown}
 L - a potion of flight {unknown}
Comestibles
 c - 4 rations


   Skills:
 * Level 8.4 Fighting
 * Level 4.3 Long Blades
 + Level 2.7(6.5) Axes
 + Level 9.2(9.4) Maces & Flails
 - Level 3.0 Throwing
 - Level 2.5 Armour
 - Level 2.6 Dodging
 + Level 9.3 Shields


You had 8 spell levels left.
You didn't know any spells.
Your spell library was empty.

Dungeon Overview and Level Annotations

Branches:
Dungeon (7/15)             Temple (1/1) D:4

Altars:
Ashenzari
Cheibriados
Elyvilon
Fedhas
Gozag
Hepliaklqana
Kikubaaqudgha
Makhleb
Okawaru
Qazlal
Ru
Trog
Uskayaw
Vehumet
Wu Jian
Xom
Yredelemnul
The Shining One

Annotations:
D:5 Prince Ribbit
D:6 1 runed translucent door


Innate Abilities, Weirdness & Mutations

You reflexively headbutt those who attack you in melee.
You have a pair of horns on your head.


Message History

You block Prince Ribbit's attack.
Prince Ribbit blinks!
Your shield prevents you from hitting Prince Ribbit.
Prince Ribbit is heavily wounded.
Prince Ribbit hits you.
* * * LOW HITPOINT WARNING * * *
You closely miss Prince Ribbit.
Prince Ribbit is heavily wounded.
Prince Ribbit blinks!
Prince Ribbit winks and puckers his lips.
You closely miss Prince Ribbit.
Prince Ribbit is heavily wounded.
Prince Ribbit barely misses you.
You barely miss Prince Ribbit.
Prince Ribbit is heavily wounded.
Prince Ribbit hits you but does no damage.
You block Prince Ribbit's attack.
Your shield and chain mail prevent you from hitting Prince Ribbit.
Prince Ribbit is heavily wounded.
Prince Ribbit hits you!
You die...

.....#...#......................
.....#.#.##......#..[..#........
.....#...#####.#....####(p......
.....#.#####.....)[## #.(§.....
.............##..#.# #..(.....
.....#.##...##...#.# #........
.......##.#.##...#.# ...?5....
###....##.#.....##.###.##.......
##..#.....#....F@........#
....##..###.>..####.####.#
##..##.####....# ...
..#.#....####..# ....#
⌠.#.#....# .?..# ..#......#
_..... ##≈......# ....#..
≈≈..#....# ....#.. ≈≈..#....#


You could see Prince Ribbit.

Vanquished Creatures
  Pikel (D:5)
  Grinder (D:5)
  A hungry ghost (D:7)
  A water moccasin (D:7)
  An orc warrior (D:6)
  2 sky beasts
  4 slaves (D:5)
  A phantom (D:5)
  6 necrophages (D:6)
  2 centaurs
  An ogre (D:5)
  A crocodile (D:7)
  A bullfrog (D:6)
  A scorpion (D:6)
  3 wights (D:6)
  4 crimson imps
  A bullfrog zombie (D:7)
  A jelly (D:7)
  2 orc priests
  6 orc wizards
  2 hounds
  Terence (D:2)
  2 iguanas
  3 worker ants
  2 hound skeletons
  A worker ant zombie (D:6)
  9 adders
  An ooze (D:4)
  4 worms
  A dart slug (D:2)
  3 leopard geckos
  23 orcs
  5 giant cockroaches
  7 goblins
  5 hobgoblins
  13 jackals
  4 kobolds
  3 quokkas
  6 bats
  2 frilled lizards
  A jackal skeleton (D:6)
  3 rats
  A bush (D:6)
  A plant (D:1)
144 creatures vanquished.

Vanquished Creatures (others)
  6 plants (D:6)
6 creatures vanquished.

Grand Total: 150 creatures vanquished

Notes
Turn   | Place    | Note
-------+----------+-------------------------------------------
     0 | D:1      | CrypticCrinoid the Minotaur Berserker began the quest for
                  | the Orb.
     0 | D:1      | Reached XP level 1. HP: 19/19 MP: 0/0
   305 | D:1      | Reached XP level 2. HP: 25/27 MP: 1/1
   774 | D:2      | Reached XP level 3. HP: 25/33 MP: 2/2
   995 | D:3      | Found a sacrificial altar of Ru.
  1003 | D:3      | Found an ancient bone altar of Kikubaaqudgha.
  1003 | D:3      | Found a hide-covered altar of Uskayaw.
  1003 | D:3      | Found an ornate altar of the Wu Jian Council.
  1229 | D:3      | Reached skill level 1 in Shields
  1239 | D:3      | Reached skill level 1 in Throwing
  1239 | D:3      | Reached XP level 4. HP: 41/41 MP: 3/3
  1243 | D:3      | Reached ** piety under Trog
  1395 | D:4      | Reached skill level 5 in Maces & Flails
  1511 | D:2      | Noticed Terence
  1524 | D:2      | Killed Terence
  1524 | D:2      | Reached XP level 5. HP: 34/47 MP: 4/4
  2015 | D:4      | Reached skill level 5 in Fighting
  2027 | D:4      | Reached XP level 6. HP: 24/56 MP: 5/5
  2238 | D:4      | Found a staircase to the Ecumenical Temple.
  2276 | Temple   | Entered the Ecumenical Temple
  3344 | D:4      | You fall through a shaft for 3 floors!
  3361 | D:7      | Reached XP level 7. HP: 18/61 MP: 6/6
  3622 | D:7      | Noticed a hungry ghost
  3658 | D:7      | Killed a hungry ghost
  3658 | D:7      | Reached skill level 5 in Shields
  3922 | D:7      | Reached *** piety under Trog
  3922 | D:7      | Reached XP level 8. HP: 51/71 MP: 7/7
  4423 | D:6      | Found a white marble altar of Elyvilon.
  4442 | D:6      | Reached skill level 1 in Long Blades
  4741 | D:6      | Found a glowing golden altar of the Shining One.
  4741 | D:6      | Noticed an angel
  4742 | D:6      | Found a runed translucent door.
  4817 | D:6      | Found a blossoming altar of Fedhas.
  4902 | D:6      | Reached skill level 1 in Axes
  4931 | D:6      | Reached XP level 9. HP: 40/72 MP: 8/8
  5367 | D:5      | Entered Level 5 of the Dungeon
  5781 | D:5      | Noticed Grinder
  5799 | D:5      | Killed Grinder
  6111 | D:5      | Noticed Prince Ribbit
  6111 | D:5      | Noticed Pikel
  6180 | D:5      | Killed Pikel
  6205 | D:5      | Found a hazy altar of Hepliaklqana.
  6219 | D:5      | Slain by Prince Ribbit

Skill      XL: |  1  2  3  4  5  6  7  8  9 |
---------------+----------------------------+-----
Maces & Flails | 4 5 6 8 9 |  9.2
Fighting       | 4 5 6 7 8 |  8.4
Shields        | 1 2 3 4 6 8 9 |  9.3
Throwing       | 1 2 3 |  3.0
Long Blades    | 2 4 |  4.3
Axes           | 2 |  2.7
Armour         | |  2.5
Dodging        | |  2.6

Action                   |  1- 3 |  4- 6 |  7- 9 || total
-------------------------+-------+-------+-------++-------
Melee: Mace              |    90 |   152 |   383 ||   625
       Headbutt          |    23 |    29 |    83 ||   135
Throw: Stone             |    43 |    39 |    39 ||   121
Invok: Berserk           |     1 |     1 |     5 ||     7
       Trog's Hand       |       |     1 |     4 ||     5
  Use: Potion            |       |     2 |     4 ||     6
  Eat: Ration            |     1 |     2 |     6 ||     9
       Chunk             |       |     1 |     4 ||     5
Armor: Animal skin       |     5 |       |       ||     5
       Chain mail        |    23 |    95 |   177 ||   295
Dodge: Dodged            |    28 |    28 |    72 ||   128
Block: Large shield      |    22 |   119 |   312 ||   453
